 Dungeon Crawl Stone Soup version 0.30-a0-279-g4b46babb21 (webtiles) character file.

Game seed: 10226801711450400907

26 themarg the Chopper (level 3, -1/35 HPs)
             Began as a Gnoll Chaos Knight on Oct 16, 2022.
             Was a Plaything of Xom.
             Slain by a hornet (shapeshifter) (6 damage)
             ... on level 2 of the Dungeon.
             The game lasted 00:04:04 (1347 turns).

themarg the Chopper (Gnoll Chaos Knight)            Turns: 1347, Time: 00:04:04

Health: -1/35      AC:  6    Str: 13    XL:     3   Next: 8%
Magic:  3/3        EV: 11    Int: 11    God:    Xom [..*...]
Gold:   79         SH:  0    Dex: 11    Spells: 3/3 levels left

rFire   . . .      SeeInvis .    a - +0 hand axe (chaos)
rCold   . . .      Faith    .    (no shield)
rNeg    . . .      Spirit   .    n - +0 ring mail
rPois   .          Reflect  .    (no helmet)
rElec   .          Harm     .    (no cloak)
rCorr   .          Rampage  .    (no gloves)
Will    .....                    (no boots)
Stlth   +.........               (no amulet)
HPRegen 0.25/turn                (no ring)
MPRegen 0.08/turn                (no ring)

@: mighty, slowed, very slow
A: fangs 1, strong nose, distributed training
a: Renounce Religion


You were on level 2 of the Dungeon.
You worshipped Xom.
You were a toy of Xom.
You visited 1 branch of the dungeon, and saw 2 of its levels.

You collected 79 gold pieces.

Inventory:

Hand Weapons
 a - a +0 hand axe of chaos (weapon)
Missiles
 d - 2 javelins
 f - a throwing net
 j - 5 stones
Armour
 b - a +2 leather armour
 n - a +0 ring mail (worn)
Jewellery
 h - a ring of ice
 m - a +4 ring of evasion
Scrolls
 g - a scroll of teleportation {unknown}
 k - a scroll of enchant weapon {unknown}
 l - a scroll of enchant armour
Potions
 e - a potion of might
Miscellaneous
 c - a piece from Xom's chessboard (14/15) (quivered)


   Skills:
 + Level 6.5 Fighting
 + Level 0.6 Short Blades
 + Level 0.6 Long Blades
 + Level 6.5 Axes
 + Level 0.6 Maces & Flails
 + Level 0.6 Polearms
 + Level 0.6 Staves
 + Level 0.6 Ranged Weapons
 + Level 0.6 Throwing
 + Level 4.5 Armour
 + Level 2.5 Dodging
 + Level 0.6 Stealth
 + Level 0.6 Shields
 + Level 0.6 Unarmed Combat
 + Level 0.6 Spellcasting
 + Level 0.4 Conjurations
 + Level 0.4 Hexes
 + Level 0.4 Summonings
 + Level 0.4 Necromancy
 + Level 0.4 Translocations
 + Level 0.4 Transmutations
 + Level 0.4 Fire Magic
 + Level 0.4 Ice Magic
 + Level 0.4 Air Magic
 + Level 0.4 Earth Magic
 + Level 0.4 Poison Magic
 + Level 0.8 Invocations
 + Level 0.6 Evocations


You had 3 spell levels left.
You didn't know any spells.
Your spell library was empty.

Dungeon Overview and Level Annotations

Branches:
Dungeon (2/15)

Altars:
Vehumet


Innate Abilities, Weirdness & Mutations

You have very sharp teeth.
Your uncanny sense of smell can sniff out nearby items.
Your experience applies equally to all skills.


Message History

You continue putting on your +0 ring mail. x5
You finish putting on your +0 ring mail.
You see here a +0 dagger.
An endoplasm comes into view.
The endoplasm quivers.
The endoplasm closely misses you.
You hit the endoplasm.
The endoplasm changes into a shapeshifter!
Xom is mildly amused.
You bite the shapeshifter.
The shapeshifter is heavily wounded.
The shapeshifter changes into a hornet!
You hit the hornet but do no damage.
The hornet stings you but does no damage.
You hit the hornet. You freeze the hornet.
The hornet is lightly wounded.
The hornet stings you.
You suddenly lose the ability to move!
You can move again.
You make a move on Xom's chessboard...
The hornet resists with some effort.
The hornet closely misses you. The hornet stings you!
You feel yourself slow down.
You hit the hornet but do no damage.
The hornet is lightly wounded.
The hornet barely misses you. The hornet stings you!
You feel as though you will be slow longer.
As you read the scroll labelled XES OWOKEINE, it crumbles to dust.
It is a scroll of identify.
l - a scroll of enchant armour The hornet misses you.
The hornet stings you.
* * * LOW HITPOINT WARNING * * *
You feel as though you will be slow longer.
It was a potion of might.
You feel very mighty all of a sudden.
Xom thinks this is hilarious!
The hornet stings you.
* * * LOW HITPOINT WARNING * * *
You feel as though you will be slow longer.
The hornet closely misses you. The hornet stings you.
You die...
Xom giggles madly!

#######
#######.....#############
........................#
###.........###########.#
########......@y...##.#
#.#########.##.#
#.........# #)#
#..######.# #.#
#.......#.# #.#
#...###.#.#.##.# ∆
#..<#.#.#.#.##.#
+.#.#.#.#.#.##.#
#.....#.....##.#


You could see a hornet shaped shifter.

Vanquished Creatures
  A dart slug (D:1)
  3 endoplasms (D:1)
  A giant cockroach (D:1)
  2 goblins (D:1)
  4 hobgoblins
  A ball python (D:2)
  3 bats
  4 frilled lizards
  A kobold (D:1)
  4 rats
24 creatures vanquished.

Notes
Turn   | Place    | Note
-------+----------+-------------------------------------------
     0 | D:1      | themarg the Gnoll Chaos Knight began the quest for the Orb.
     0 | D:1      | Reached XP level 1. HP: 23/23 MP: 1/1
   158 | D:1      | XOM: silly message
   205 | D:1      | Reached XP level 2. HP: 19/29 MP: 2/2
   421 | D:1      | XOM: 2-stop teleportation journey
   527 | D:1      | XOM: silly message
   892 | D:1      | XOM: god gift: metallic coppery potion {god gift}
   945 | D:2      | Reached XP level 3. HP: 35/35 MP: 3/3
   998 | D:2      | Found a radiant altar of Vehumet.
  1136 | D:2      | XOM: cloud trail
  1244 | D:2      | XOM: silly message
  1341 | D:2      | an endoplasm changed into a shapeshifter
  1341 | D:2      | Noticed a shapeshifter (shapeshifter)
  1341 | D:2      | a shapeshifter changed into a hornet
  1341 | D:2      | Noticed a hornet (shapeshifter)
  1343 | D:2      | Paralysed by a hornet for 1 turns
  1347 | D:2      | Slain by a hornet (shapeshifter)

Illustrated notes

Levels and vault maps discovered:
D:1:      lightli_iron_boxes, layout_basic
D:2:      layout_basic, basic_altar, kennysheep_generic_room_16

Action                   || total
-------------------------++-------
Melee: Hand axe          ||    73
       Bite              ||     6
Evoke: Piece from Xom's  ||     1
  Use: Scroll            ||     1
       Potion            ||     1
Armor: Leather armour    ||    14
       Ring mail         ||     1
Dodge: Dodged            ||    33

Table legend: (Time is in decaauts)
 A = Elapsed time spent in this place.
 B = Non-inter-level travel time spent in this place.
 C = Inter-level travel time spent in this place.
 D = Time resting spent in this place.
 E = Time spent auto-exploring this place.
 F = Levels seen in this place.
 G = Mean time per level.
                   A        B        C        D        E       F      G
               +--------+--------+--------+--------+--------+-----+--------+
         Total |   1346 |   1329 |     17 |      0 |   1143 |   2 |  673.0 |
       Dungeon |   1346 |   1329 |     17 |      0 |   1143 |   2 |  673.0 |
               +--------+--------+--------+--------+--------+-----+--------+

Top non-repeatable levels by time:
     D:1: 910 daAuts
     D:2: 435 daAuts
